 Dungeon Crawl Stone Soup version 0.31-a0-237-g2d982f9f85 (webtiles) character file.

Game seed: 17899842088278791215

34 qw the Shooter (level 3, -2/21 HPs)
             Began as a Gargoyle Hexslinger on July 10, 2023.
             Slain by a goblin
             ... wielding a +0 club
             ... led by Robin
              (5 damage)
             ... on level 2 of the Dungeon.
             The game lasted 00:00:20 (735 turns).

qw the Shooter (Gargoyle Hexslinger)                 Turns: 735, Time: 00:00:20

Health: -2/21      AC:  9    Str: 10    XL:     3   Next: 31%
Magic:  4/4        EV: 10    Int: 17    God:
Gold:   32         SH:  0    Dex: 13    Spells: 3/4 levels left

rFire   . . .        Y - +1 sling
rCold   . . .        (no shield)
rNeg    + . .        j - +0 ring mail
rPois   inf          (no helmet)
rElec   +            (no cloak)
rCorr   .            h - +0 pair of gloves
SInv    .            (no boots)
Will    +....        (no amulet)
Stlth   +            (no ring)
HPRegen 0.23/turn    (no ring)
MPRegen 0.09/turn

%: no passive effects
@: no status effects
A: sickness immunity, AC +3, negative energy resistance 1, electricity
resistance, torment resistance 1, petrification resistance, clever 1,
strong-willed 1
a: no special abilities


You were on level 2 of the Dungeon.
You visited 1 branch of the dungeon, and saw 2 of its levels.

You collected 32 gold pieces.


Innate Abilities, Weirdness & Mutations

You are immune to sickness and miasma.
Your stone body is resilient. (AC +3)
You are immune to poison.
You resist negative energy. (rN+)
You are resistant to electric shocks. (rElec)
You are resistant to unholy torment.
You are immune to petrification.
Your mind is acute. (Int +4, Str/Dex -1)
You are strong-willed. (Will+)


   Skills:
 - Level 2.0 Fighting
 - Level 3.1 Ranged Weapons
 + Level 0.4 Armour
 - Level 1.5 Dodging
 - Level 1.0 Spellcasting
 - Level 2.6 Hexes


You had 3 spell levels left.
You knew the following spells:

 Your Spells              Type           Power      Damage    Failure   Level
a - Slow                  Hex            36%        N/A       19%         1

Your spell library contained the following spells:

 Spells                   Type           Power      Damage    Failure   Level
 Inner Flame              Hex/Fire       5%         N/A       67%         3
 Portal Projectile        Hex/Tloc       10%        N/A       67%         3
 Cause Fear               Hex            4%         N/A       88%         4

Inventory:

Hand Weapons
 Y - a +1 sling (weapon)
Armour
 h - a +0 pair of gloves (worn)
 j - a +0 ring mail (worn)
Potions
 d - a potion of haste
 f - a potion of mutation
 i - a potion of berserk rage {unknown}

Dungeon Overview and Level Annotations

Branches:
Dungeon (2/15)

Altars:

Annotations:
D:2 Robin


Message History

The hobgoblin closely misses you.
You shoot a sling bullet.
The sling bullet closely misses the hobgoblin.
The goblin hits you but does no damage. The goblin closely misses you.
Robin roars a battlecry!
The goblins go into a battle-frenzy!
The hobgoblin hits you. The goblin hits you but does no damage.
Robin roars a battlecry!
The hobgoblin barely misses you. The goblin hits you but does no damage.
You shoot a sling bullet.
The sling bullet hits the hobgoblin but does no damage.
The hobgoblin is lightly wounded.
You hear a shout!
The goblin hits you but does no damage. The goblin hits you with a +0 dagger.
The hobgoblin barely misses you.
You shoot a sling bullet. The sling bullet hits the hobgoblin!
You kill the hobgoblin!
The goblin barely misses you. Robin throws the goblin at you!
The goblin barely misses you. The goblin hits you with a +0 dagger.
The goblin hits you but does no damage.
A rat comes into view.
The hobgoblin closely misses you.
You shoot a sling bullet. The sling bullet hits the goblin!
You kill the goblin!
You hear a shout!
The goblin hits you with a +0 dagger.
A goblin comes into view. It is wielding a +0 club.
Robin throws the goblin at you! The hobgoblin closely misses you.
The goblin hits you but does no damage.
You shoot a sling bullet.
The sling bullet closely misses the goblin.
The goblin hits you but does no damage. The goblin hits you with a +0 dagger.
Robin throws the goblin at you! The goblin hits you but does no damage.
The hobgoblin closely misses you.
You shoot a sling bullet.
The sling bullet hits the goblin but does no damage.
The goblin hits you with a +0 dagger. x2
Robin flexes a bicep menacingly.
The goblin hits you with a +0 club.
You die... #. . . #. .## #.. ..# #r# #.# #gg

#.# #g# #.# ##g#####
###.# ##.g@...######
#....
#..ggg.......####.###
#.######.####......#
# # #.# ######.###
#.#########...<
#.............#
###############


You could see Robin, a hobgoblin (strong), 6 goblins and a rat.

Vanquished Creatures
  2 dart slugs (D:1)
  3 bats (D:1)
  An endoplasm (D:1)
  A giant cockroach (D:1)
  A goblin (D:2)
  7 hobgoblins
  A jackal (D:1)
  2 quokkas (D:1)
  A ball python (D:1)
  2 frilled lizards (D:1)
  3 kobolds (D:1)
  2 rats (D:1)
26 creatures vanquished.

Notes
Turn   | Place    | Note
-------+----------+-------------------------------------------
     0 | D:1      | qw the Gargoyle Hexslinger began the quest for the Orb.
     0 | D:1      | Reached XP level 1. HP: 12/12 MP: 2/2
     0 | D:1      | 0 ||| qw: Version: 0.3-a-52-g30416fa
     0 | D:1      | 0 ||| qw: Game counter: 5036
     0 | D:1      | 0 ||| qw: Melee chars always use a shield: true
     0 | D:1      | 0 ||| qw: God list: Okawaru
     0 | D:1      | 0 ||| qw: Allow faded altars: false
     0 | D:1      | 0 ||| qw: Do Orc after clearing Dungeon:15 true
     0 | D:1      | 0 ||| qw: Do second Lair branch before Depths: true
     0 | D:1      | 0 ||| qw: Lair rune preference: random
     0 | D:1      | 0 ||| qw: Goals: Normal
     0 | D:1      | 0 ||| PLANNING D:1-11
    83 | D:1      | Reached XP level 2. HP: 16/16 MP: 3/3
   197 | D:1      | Reached skill level 3 in Ranged Weapons
   309 | D:1      | Reached XP level 3. HP: 21/21 MP: 4/4
   653 | D:1      | 653 ||| UPGRADING to +0 pair of gloves.
   658 | D:1      | 658 ||| UPGRADING to +0 ring mail.
   668 | D:1      | 668 ||| DROPPING +0 robe.
   669 | D:1      | 669 ||| READING scroll labelled PUCROFRU REDOI.
   670 | D:1      | 670 ||| READING scroll labelled YMIGHASHYMU.
   671 | D:1      | 671 ||| DRINKING 2 white potions.
   672 | D:1      | 672 ||| DRINKING 2 glowing black potions.
   672 | D:1      | Gained mutation: You are strong-willed. (Will+) [potion of
                  | mutation]
   672 | D:1      | Gained mutation: Your mind is acute. (Int +4, Str/Dex -1)
                  | [potion of mutation]
   673 | D:1      | 673 ||| DROPPING scroll of poison.
   727 | D:2      | Noticed Robin
   734 | D:2      | HP: 5/21 [goblin/+0 dagger[Robin] (4)]
   735 | D:2      | Slain by a goblin

Levels and vault maps discovered:
D:1:      wander_arrival_chamber, layout_loops_cross, minmay_tetromino_s2
D:2:      layout_loops_ring, nicolae_grassy_gnolls, uniq_robin

Skill      XL: |  1  2  3 |
---------------+----------+-----
Ranged Weapons | 3 |  3.1
Fighting       | 2 |  2.0
Armour         | |  0.4
Dodging        | |  1.5
Spellcasting   | |  1.0
Hexes          | |  2.6

Action                     || total
---------------------------++-------
   Fire: Sling             ||    91
    Use: Scroll            ||     2
         Potion            ||     2
 Armour: Robe              ||    11
         Ring mail         ||    15
  Dodge: Dodged            ||    51

Table legend:
 A = Non-vault XP
 B = Vault XP
 C = Vault XP percentage of total XP
 D = Non-vault monster count
 E = Vault monster count
 F = Vault count percentage of total count
                 A         B        C        D         E       F
            +---------+---------+-------+---------+---------+-------
      Total |      41 |       8 |  16.3 |      22 |       4 |  15.4
            +---------+---------+-------+---------+---------+-------
        D:1 |      39 |       4 |   9.3 |      21 |       2 |   8.7
        D:2 |       2 |       4 |  66.7 |       1 |       2 |  66.7
            +---------+---------+-------+---------+---------+-------
